 Dungeon Crawl Stone Soup version 0.32-a0-30-gefbe487952 (webtiles) character file.

Game seed: 17059019238174735424

17 PriceMaster the Chiller (level 2, 0/5 HPs)
             Began as an Octopode Ice Elementalist on Jan 19, 2024.
             Slain by a hobgoblin (5 damage)
             ... on level 2 of the Dungeon.
             The game lasted 00:01:11 (505 turns).

PriceMaster the Chiller (Octopode Ice Elementalist)  Turns: 505, Time: 00:01:13

Health: 0/5        AC:  1    Str:  7    XL:     2   Next: 62%
Magic:  5/5        EV: 17    Int: 17    God:
Gold:   22         SH:  0    Dex: 12    Spells: 4/5 levels left

rFire   . . .        c - melded +0 spear
rCold   . . .        (shield currently unavailable)
rNeg    . . .        (helmet restricted)
rPois   .            (no amulet)
rElec   .            (no ring)
rCorr   .            (no ring)
SInv    .            (no ring)
Will    .....        (no ring)
Stlth   ++           (no ring)
HPRegen 0.20/turn    (no ring)
MPRegen 0.09/turn    (no ring)
                     (no ring)

%: no passive effects
@: flux-form, glowing
A: glow, contaminating, reduced hp, almost no armour, amphibious, 8 rings,
camouflage 1, gelatinous body 1, (nimble swimmer 1), tentacles
a: Begin Untransformation


You were on level 2 of the Dungeon.
You were something dangerously unstable.
You visited 1 branch of the dungeon, and saw 2 of its levels.

You collected 22 gold pieces.

Inventory:

Hand Weapons
 c - a +0 spear (melded)
Talismans
 g - a serpent talisman
 i - a flux talisman (active)
Scrolls
 b - a scroll of torment {unknown}
 d - a scroll of revelation {unknown}
 f - a scroll of noise {unknown}
 h - a scroll of identify {unknown}
Potions
 a - a potion of magic
 e - a potion of degeneration {unknown}


   Skills:
 + Level 0.4 Polearms
 + Level 2.0 Dodging
 + Level 2.9 Stealth
 + Level 2.0 Spellcasting
 + Level 4.5 Ice Magic


You had 4 spell levels left.
You knew the following spells:

 Your Spells              Type           Power      Damage    Failure   Level
a - Freeze                Ice            68%        1d8       3%          1

Your spell library contained the following spells:

 Spells                   Type           Power      Damage    Failure   Level
 Frozen Ramparts          Ice            34%        1d6       9%          3
 Ozocubu's Armour         Ice            17%        N/A       9%          3
 Summon Ice Beast         Ice/Summ       9%         N/A       22%         3


Dungeon Overview and Level Annotations

Branches:
Dungeon (2/15)

Altars:


Innate Abilities, Weirdness & Mutations

You are something dangerously unstable.
You glow with magical radiation, making you easy to see and hit.
Foes you strike become dangerously contaminated with magical radiation.
Your maximum health is decreased, since you lack skill for your form.
You are incapable of wielding weapons or throwing items.
You cannot wear most types of armour.
You are amphibious.
You can wear up to eight rings at the same time.
Your skin changes colour to match your surroundings (Stealth+).
Your rubbery body absorbs attacks. (AC +1, EV +1)
((You are camouflaged when in or above water. (Stealth+)))
You have tentacles for arms and can constrict up to eight enemies at once.


Message History

You see here a flux talisman.
i - a flux talisman You aren't carrying any wearable armour.
You begin transforming.
You continue transforming. x3
You turn into something dangerously unstable.
Your +0 spear melds into your body.
HP restored.
You open the door.
There is an open door here.
You open the door.
A rat and a hobgoblin come into view.
Found 11 gold pieces.
There are monsters nearby!
There are monsters nearby!
There is an open door here.
You tentacle-slap the rat but do no damage.
The rat begins to glow.
You grab the rat. You squeeze the rat.
The rat is heavily wounded.
You constrict the rat.
You kill the rat!
You closely miss the hobgoblin. You grab the hobgoblin.
You squeeze the hobgoblin.
The hobgoblin is severely wounded.
You constrict the hobgoblin, but do no damage.
The hobgoblin misses you.
You tentacle-slap the hobgoblin but do no damage.
The hobgoblin begins to glow.
You squeeze the hobgoblin.
You kill the hobgoblin!
Found a ring mail.
You now have 22 gold pieces (gained 11).
A hobgoblin comes into view.
A hobgoblin is nearby!
The hobgoblin shouts!
You tentacle-slap the hobgoblin but do no damage.
The hobgoblin begins to glow.
You grab the hobgoblin. You squeeze the hobgoblin.
The hobgoblin is lightly wounded.
You constrict the hobgoblin, but do no damage.
The hobgoblin hits you.
Ouch! That really hurt!
You die...

##### ... .... #.#+#
..#.#####.#.#
#####.#.......#.#
......#.........#
......###.......#
......'.'.......# ###.#
##....###.......##......
......# #.......pg......
......# ####...........#
......# #?...[.......
......# #...........#
.....## ########+####
.....# .....# .....#
.....#


You could see a hobgoblin (contam).

Vanquished Creatures
  A dart slug (D:1)
  A bat (D:2)
  2 endoplasms (D:1)
  A giant cockroach (D:1)
  A goblin (D:1)
  2 hobgoblins
  2 quokkas
  A frilled lizard (D:2)
  A kobold (D:1)
  A rat (D:2)
13 creatures vanquished.

Notes
Turn   | Place    | Note
-------+----------+-------------------------------------------
     0 | D:1      | PriceMaster the Octopode Ice Elementalist began the quest
                  | for the Orb.
     0 | D:1      | Reached XP level 1. HP: 11/11 MP: 3/3
    66 | D:1      | Found a faded altar of an unknown god.
   158 | D:1      | Reached XP level 2. HP: 17/17 MP: 5/5
   505 | D:2      | Slain by a hobgoblin

Illustrated notes

Levels and vault maps discovered:
D:1:      ebering_trefoil_3fold, layout_rooms, chequers_ecumenical_altar_twisty
D:2:      layout_basic, serial_bayou_pond_e, minmay_goblin_outpost

Action                     || total
---------------------------++-------
  Melee: Spear             ||    33
         Constrict         ||    10
         Tentacles         ||     8
         Unarmed           ||     4
   Cast: Freeze            ||     4
   Stab: Sleeping          ||     5
 Armour: Skin              ||    13
  Dodge: Dodged            ||    19
   Form: Flux              ||     1

Table legend: (Time is in decaauts)
 A = Elapsed time spent in this place.
 B = Non-inter-level travel time spent in this place.
 C = Inter-level travel time spent in this place.
 D = Time resting spent in this place.
 E = Time spent auto-exploring this place.
 F = Levels seen in this place.
 G = Mean time per level.
                   A        B        C        D        E       F      G
               +--------+--------+--------+--------+--------+-----+--------+
         Total |    507 |    488 |     19 |      0 |    359 |   2 |  253.5 |
       Dungeon |    507 |    488 |     19 |      0 |    359 |   2 |  253.5 |
               +--------+--------+--------+--------+--------+-----+--------+

Top non-repeatable levels by time:
     D:1: 446 daAuts
     D:2: 60 daAuts
